[Event "Team 45 45 League T61"]
[Site "Internet Chess Club"]
[Date "2014.06.01"]
[Round "1"]
[White "charles-allen"]
[Black "BigH"]
[Result "0-1"]
[WhiteElo "1891"]
[BlackElo "2058"]
[Opening "Sicilian defense"]
[ECO "B40"]
[Time "09:00:29"]
[TimeControl "2700+45"]

1. e4 c5 2. Nf3 e6 3. c3 Nf6 4. e5 Nd5 5. d4 cxd4 6. cxd4 d6 7. a3 Bd7 8. Bd3
dxe5 9. dxe5 Be7 10. O-O Na6 11. b4 Nac7 12. Bb2 a5 13. bxa5 Nf4 14. Be4 Bb5 15.
Re1 Nd3 16. Bxd3 Bxd3 17. Qa4+ Bb5 18. Qg4 g6 19. Nc3 Bc6 20. Rad1 Nd5 21. Nxd5
Bxd5 22. Qa4+ Kf8 23. Bc3 b6 24. Bb4 bxa5 25. Bxe7+ Qxe7 26. Re3 Kg7 27. Qg4
Rhc8 28. Ng5 Rc4 29. Qg3 Rac8 30. h4 h6 31. Nf3 Bxf3 32. Qxf3 Rxh4 33. Red3 Rc7
34. Qa8 Ra7 35. Qc6 Qc7 36. Qd6 Rc4 37. g3 Rb7 38. Qd8 Qxd8 39. Rxd8 Re4 40. f4
Re3 41. R8d3 Rb3 42. Rxb3 Rxb3 {White resigns} 0-1

[Event "Team 45 45 League T61"]
[Site "Internet Chess Club"]
[Date "2014.05.30"]
[Round "1"]
[White "noblitz-oblige"]
[Black "justice02"]
[Result "0-1"]
[WhiteElo "1641"]
[BlackElo "1762"]
[Opening "Caro-Kann: exchange variation"]
[ECO "B13"]
[Time "23:30:18"]
[TimeControl "2700+45"]

1. e4 c6 2. d4 d5 3. exd5 cxd5 4. Nf3 Nf6 5. Bd3 g6 6. Be3 Bg7 7. Nc3 O-O 8. h3
Nc6 9. a3 a6 10. Qd2 Re8 11. Ne5 Nxe5 12. dxe5 Ne4 13. Nxe4 dxe4 14. Bxe4 Qxd2+
15. Bxd2 Bxe5 16. Rb1 Kg7 17. O-O f5 18. Bf3 Bf6 19. Rfe1 e5 20. Bc3 e4 21.
Bxf6+ Kxf6 22. Rbd1 Be6 23. Be2 Rad8 24. Rxd8 Rxd8 25. Rd1 Rxd1+ 26. Bxd1 Ke5
27. Kf1 f4 28. c3 h5 29. Ke1 h4 30. Kd2 f3 31. gxf3 Bxh3 32. Bc2 exf3 33. Bxg6
Bf5 34. Bh5 Kf4 35. Ke1 h3 36. Kf1 h2 {White resigns} 0-1

[Event "Team 45 45 League T61"]
[Site "Internet Chess Club"]
[Date "2014.05.30"]
[Round "1"]
[White "Grenadier"]
[Black "John3v16"]
[Result "0-1"]
[WhiteElo "1641"]
[BlackElo "1640"]
[Opening "Sicilian: closed"]
[ECO "B23"]
[Time "08:01:15"]
[TimeControl "2700+45"]

1. e4 c5 2. Nc3 e6 3. f4 a6 4. Nf3 Nc6 5. Be2 d5 6. d3 Nge7 7. O-O b5 8. Bd2 g6
9. a3 Bg7 10. Rb1 Nd4 11. Nxd4 Bxd4+ 12. Kh1 Nc6 13. exd5 exd5 14. Bf3 Be6 15.
f5 gxf5 16. Qe1 Ne5 17. Bxd5 Bxd5 18. Nxd5 Qxd5 19. c3 O-O-O 20. cxd4 Nxd3 21.
Qe3 Rhg8 22. Qh3 Qxd4 23. Rxf5 Kb8 24. Qf3 Qg4 25. Qxg4 Rxg4 26. h3 Rgd4 27. Bc3
R4d7 28. Rbf1 b4 29. axb4 cxb4 30. Bf6 Rc8 31. Ra1 Kb7 32. Kh2 Rc2 33. Rfa5 Rd6
34. Bg7 Nxb2 35. Bf8 Rb6 36. Rf5 b3 37. Rxf7+ Rc7 38. Rf3 Nc4 39. Ba3 Nxa3 40.
Rxa3 b2 41. Rab3 b1=Q 42. Rxb1 Rxb1 {White resigns} 0-1

[Event "Team 45 45 League T61"]
[Site "Internet Chess Club"]
[Date "2014.05.31"]
[Round "1"]
[White "Beefstick"]
[Black "bmw2002"]
[Result "0-1"]
[WhiteElo "1621"]
[BlackElo "1575"]
[Opening "Caro-Kann: classical variation"]
[ECO "B18"]
[Time "20:06:40"]
[TimeControl "2700+45"]

1. e4 c6 2. d4 d5 3. Nc3 dxe4 4. Nxe4 Bf5 5. Ng3 Bd7 6. Nf3 Nf6 7. c3 e6 8. Bd3
c5 9. Qb3 Qb6 10. O-O Qxb3 11. axb3 Nc6 12. Bg5 cxd4 13. Bxf6 gxf6 14. Nxd4 Nxd4
15. cxd4 f5 16. f4 Bd6 17. Nh5 Ke7 18. Rfe1 Kd8 19. g3 a6 20. Nf6 Bc6 21. d5
exd5 22. Bxf5 h5 23. Rac1 h4 24. Nxd5 hxg3 25. hxg3 Bxd5 26. Rcd1 Bc5+ 27. Kf1
Rh1+ 28. Ke2 Rh2+ 29. Kd3 Kc7 30. Re5 Bxb3 31. Rxc5+ Kb6 32. Rdc1 Rd8+ 33. Ke3
Rxb2 34. R1c3 Bd5 35. Be4 Bxe4 36. Kxe4 Re8+ 37. Re5 Re2+ 38. Kf5 R2xe5+ 39.
fxe5 Re6 40. Rb3+ Ka7 41. Rd3 a5 42. Rd6 a4 43. Rd3 Ka6 44. g4 b5 45. g5 b4 46.
Rd6+ Ka5 47. Rxe6 fxe6+ 48. Kxe6 b3 49. g6 b2 50. g7 b1=Q 51. Kf7 Qf5+ 52. Ke8
Qxe5+ 53. Kf8 Qxg7+ 54. Kxg7 a3 {White resigns} 0-1

[Event "Team 45 45 League T61"]
[Site "Internet Chess Club"]
[Date "2014.05.30"]
[Round "1"]
[White "GoIrish"]
[Black "leopardc"]
[Result "0-1"]
[WhiteElo "1617"]
[BlackElo "1638"]
[Opening "Réti opening"]
[ECO "A04"]
[Time "07:09:03"]
[TimeControl "2700+45"]

1. Nf3 d6 2. g3 g6 3. Bg2 Bg7 4. O-O Nf6 5. d3 O-O 6. e4 e5 7. Nc3 Bg4 8. h3 Bd7
9. Be3 Nc6 10. Re1 Qc8 11. Kh2 Be6 12. d4 exd4 13. Nxd4 Nxd4 14. Bxd4 Nh5 15.
Bxg7 Nxg7 16. Nd5 Qd8 17. Qd2 c6 18. Nf4 Qf6 19. c3 Rad8 20. Qd4 Qe7 21. Nxe6
fxe6 22. Qxa7 e5 23. Qe3 Ne6 24. h4 g5 25. hxg5 Nxg5 26. f4 Ne6 27. Rf1 exf4 28.
gxf4 Qh4+ 29. Qh3 Qxh3+ 30. Kxh3 Nxf4+ 31. Kg4 Nxg2 32. Kg3 Ne3 33. Rfe1 Nc2
{White resigns} 0-1

[Event "Team 45 45 League T61"]
[Site "Internet Chess Club"]
[Date "2014.05.31"]
[Round "1"]
[White "bayoumicardio10"]
[Black "QuieroAprender"]
[Result "0-1"]
[WhiteElo "1599"]
[BlackElo "1712"]
[Opening "Scotch gambit"]
[ECO "C44"]
[Time "18:29:52"]
[TimeControl "2700+45"]

1. e4 e5 2. Nf3 Nc6 3. d4 exd4 4. Bc4 Bb4+ 5. c3 dxc3 6. bxc3 Bd6 7. O-O Na5 8.
Bxf7+ Kxf7 9. Qd5+ Ke8 10. Qxa5 c6 11. Qf5 Qf6 12. Qxf6 gxf6 13. Be3 c5 14. Na3
b6 15. Nb5 Bb8 16. Rad1 Ba6 17. c4 Bxb5 18. cxb5 d6 19. Rd2 Ne7 20. Rfd1 Kf7 21.
Bf4 Nc8 22. Nh4 Rd8 23. Nf5 Ke6 24. Ne3 Ne7 25. Nc4 Nc8 26. Rd5 a6 27. a4 axb5
28. axb5 Ra4 29. Rc1 Rb4 30. e5 fxe5 31. Bxe5 Kxd5 {White resigns} 0-1

[Event "Team 45 45 League T61"]
[Site "Internet Chess Club"]
[Date "2014.06.01"]
[Round "1"]
[White "edwspin"]
[Black "pauliewoll"]
[Result "0-1"]
[WhiteElo "1542"]
[BlackElo "1558"]
[Opening "Queen's pawn game, Darooha variation "]
[ECO "D02"]
[Time "16:01:00"]
[TimeControl "2700+45"]

1. d4 Nf6 2. Nf3 d5 3. b3 Bf5 4. Ba3 g6 5. Nbd2 Bg7 6. Bb2 O-O 7. e3 c6 8. Bd3
Bxd3 9. cxd3 Nbd7 10. Qc2 Rc8 11. Rc1 c5 12. Qb1 cxd4 13. Nxd4 e5 14. Nb5 Qb6
15. Na3 Qb4 16. Nc2 Qb5 17. Na3 Rxc1+ 18. Bxc1 Qc6 19. O-O Rc8 20. Bb2 Qe6 21.
Rc1 Rxc1+ 22. Qxc1 Qc6 23. Qxc6 bxc6 24. f3 Nc5 25. d4 Nd3 26. Bc3 Nc1 27. dxe5
Ne2+ 28. Kf1 Nxc3 29. exf6 Bxf6 30. Nc2 Nxa2 31. Nb1 Nc1 32. Nb4 Nxb3 33. Nxc6
a5 34. Na3 Kf8 35. Ke2 Bb2 36. Nb1 a4 37. Kd3 a3 38. Kc2 a2 {White resigns} 0-1

[Event "Team 45 45 League T61"]
[Site "Internet Chess Club"]
[Date "2014.05.31"]
[Round "1"]
[White "SirIvanhoe"]
[Black "ElMarginal"]
[Result "0-1"]
[WhiteElo "1636"]
[BlackElo "1505"]
[Opening "Caro-Kann: classical variation"]
[ECO "B18"]
[Time "19:00:58"]
[TimeControl "2700+45"]

1. e4 c6 2. d4 d5 3. Nc3 dxe4 4. Nxe4 Bf5 5. Ng3 Bg6 6. Bc4 Nf6 7. N1e2 h6 8.
Nf4 Bh7 9. O-O e6 10. Re1 Nd5 11. c3 Be7 12. Qg4 O-O 13. Ngh5 Bf6 14. Nxe6 fxe6
15. Bxh6 Bf5 16. Qg3 Rf7 17. Bd2 Bh4 18. Qe5 Bxf2+ 19. Kxf2 Qh4+ 20. Ng3 Bd3+
21. Kg1 Bxc4 22. Qxe6 Nb6 23. Qe8+ Rf8 24. Qe7 Qxe7 25. Rxe7 N8d7 26. b3 Bd3 27.
Nh5 Rf7 28. Rae1 Raf8 29. Rxf7 Rxf7 30. Re8+ Kh7 31. Re1 Nd5 32. c4 N5f6 33.
Nxf6+ Nxf6 34. h3 Nh5 35. Bc3 Nf6 36. Rd1 Bc2 37. Rc1 Be4 38. Rf1 Kg8 39. g4 Nh7
40. Rxf7 Kxf7 41. Kf2 Bb1 42. a3 Bc2 43. b4 Bb3 44. c5 Ng5 45. Kg2 Bd5+ 46. Kh2
Nf3+ 47. Kg3 Ng5 48. Kh2 Ne4 49. Be1 Kg6 50. h4 Nf6 51. Kg3 Be6 52. h5+ Kf7 53.
Bd2 Bxg4 54. Bg5 Bxh5 55. Bxf6 Kxf6 56. Kf4 g5+ 57. Kg3 Kf5 58. a4 Ke4 59. b5
Kxd4 60. b6 axb6 61. cxb6 Kc5 62. a5 Kb5 63. a6 Kxa6 {White resigns} 0-1

[Event "Team 45 45 League T61"]
[Site "Internet Chess Club"]
[Date "2014.05.31"]
[Round "1"]
[White "spongenotbob"]
[Black "JasonModer"]
[Result "0-1"]
[WhiteElo "1954"]
[BlackElo "1766"]
[Opening "QGD: exchange, positional line"]
[ECO "D35"]
[Time "19:30:21"]
[TimeControl "2700+45"]

1. d4 d5 2. c4 e6 3. Nc3 Nf6 4. cxd5 exd5 5. Bg5 Be7 6. Nf3 Nc6 7. e3 Bf5 8. Bb5
O-O 9. O-O Rb8 10. Qe2 h6 11. Bh4 Ne4 12. Bxc6 bxc6 13. Bxe7 Qxe7 14. Nxe4 Bxe4
15. Ne5 Rb6 16. Rac1 Qe6 17. f3 Bh7 18. b3 Re8 19. Rfe1 f6 20. Nd3 Qf5 21. Nc5
Qc8 22. Rc3 Qa8 23. Rec1 a5 24. Qe1 Re7 25. Qg3 Qe8 26. Qf2 Qa8 27. Na4 Ra6 28.
Qe2 Kh8 29. Rc5 Kg8 30. Qd2 Kh8 31. Re1 Kg8 32. Rc3 Kh8 33. Nc5 Rb6 34. e4 Qe8
35. Qf4 Rb4 36. e5 fxe5 37. Rxe5 Rxd4 38. Rxe7 Qxe7 39. Qe3 Rd1+ 40. Kf2 Qh4+
{White resigns} 0-1

[Event "Team 45 45 League T61"]
[Site "Internet Chess Club"]
[Date "2014.05.29"]
[Round "1"]
[White "vjbaker"]
[Black "uzi"]
[Result "0-1"]
[WhiteElo "1693"]
[BlackElo "1445"]
[Opening "Scandinavian defense"]
[ECO "B01"]
[Time "16:30:08"]
[TimeControl "2700+45"]

1. e4 d5 2. exd5 Nf6 3. Nc3 Nxd5 4. Bc4 e6 5. Nge2 Bc5 6. d4 Bb4 7. O-O O-O 8.
Nxd5 exd5 9. Bd3 Bg4 10. f3 Bh5 11. Nf4 Bg6 12. Nxg6 hxg6 13. c3 Bd6 14. f4 Nd7
15. f5 Qh4 16. h3 Qg3 17. Rf3 Qh2+ 18. Kf2 gxf5 19. Bg5 f6 20. Bh4 g5 21. Bg3
Bxg3+ 22. Rxg3 f4 23. Rg4 Kf7 24. Qb3 Nb6 25. Rf1 Rae8 26. Qd1 Re3 27. Rh1 Rxd3
28. Qb1 Rd2+ 29. Kf3 Rd3+ 30. Ke2 Re3+ 31. Kf2 Qxh1 32. Qxh1 Rfe8 33. Qd1 Nc4
34. Qc2 Kg7 35. h4 Nd6 36. Kg1 Ne4 37. hxg5 fxg5 38. Qb3 Re1+ 39. Kh2 Rh8+ 40.
Rh4 Rxh4# {White checkmated} 0-1

[Event "Team 45 45 League T61"]
[Site "Internet Chess Club"]
[Date "2014.05.30"]
[Round "1"]
[White "drsigmund1"]
[Black "tornado100"]
[Result "1-0"]
[WhiteElo "1548"]
[BlackElo "1493"]
[Opening "Queen's bishop game"]
[ECO "D02"]
[Time "20:35:37"]
[TimeControl "2700+45"]

1. d4 d5 2. Nf3 Nf6 3. Bf4 e6 4. e3 c6 5. c3 Nbd7 6. Bd3 c5 7. Nbd2 Be7 8. h3 a6
9. a4 O-O 10. O-O b6 11. e4 dxe4 12. Nxe4 Nd5 13. Bh2 cxd4 14. Nxd4 Nc5 15. Nc6
Qd7 16. Nxe7+ Nxe7 17. Nxc5 bxc5 18. Qc2 h6 19. Rfd1 Qc6 20. Be4 Nd5 21. c4 Nb4
22. Qb1 Qb6 23. Bxa8 Nc6 24. Bxc6 Qxc6 25. Rd6 Qb7 26. Qc2 Bd7 27. Rad1 Bc6 28.
Rd8 Bxg2 29. Rxf8+ Kxf8 30. Qd3 Kg8 31. Qg3 Bc6 32. Qb8+ Qxb8 33. Bxb8 Bxa4 34.
Rd8+ Kh7 35. Rc8 Bb3 36. Rxc5 Kg6 37. Rc6 a5 38. c5 Kf5 39. Rc7 Kf6 40. Ra7 a4
41. c6 g5 42. c7 Kf5 43. c8=Q f6 44. Ra5+ Bd5 45. Rxd5+ {Black resigns} 1-0

[Event "Team 45 45 League T61"]
[Site "Internet Chess Club"]
[Date "2014.06.03"]
[Round "1"]
[White "Littlemon"]
[Black "CaptK"]
[Result "0-1"]
[WhiteElo "1495"]
[BlackElo "1621"]
[Opening "King's Indian: 4.e4"]
[ECO "E70"]
[Time "17:00:46"]
[TimeControl "2700+45"]

1. d4 Nf6 2. c4 g6 3. Nc3 Bg7 4. e4 d6 5. Bd3 O-O 6. Nge2 e5 7. d5 a5 8. h3 Na6
9. Be3 b6 10. a3 Bd7 11. O-O Nc5 12. Bc2 a4 13. Bxc5 bxc5 14. Ng3 Qe8 15. b3
axb3 16. Bxb3 h6 17. a4 Nh7 18. f3 f5 19. Bc2 f4 20. Nge2 g5 21. Kf2 h5 22. Rh1
g4 23. hxg4 hxg4 24. Ke1 gxf3 25. gxf3 Qg6 26. Kd2 Ng5 27. Qf1 Rfb8 28. Rg1 Qh5
29. Rh1 Qxf3 30. Qg1 Qg4 31. Qxg4 Bxg4 32. Nb5 Rb7 33. a5 Nf3+ 34. Kc3 Ra6 35.
Rhb1 Nd4 36. Nexd4 cxd4+ 37. Kd3 Bd7 38. Ke2 Kf8 39. Kf3 Be8 40. Bd3 Bh5+ 41.
Kf2 Bf6 42. Rh1 Bg6 43. Kf3 Bd8 44. Ra2 Rb8 45. Kg4 Rba8 46. Rha1 Ke7 47. Kg5
Kf7+ 48. Kh6 Be7 49. Nxc7 Rh8# {White checkmated} 0-1

[Event "Team 45 45 League T61"]
[Site "Internet Chess Club"]
[Date "2014.06.03"]
[Round "1"]
[White "zap2"]
[Black "frank001"]
[Result "1-0"]
[WhiteElo "1772"]
[BlackElo "1742"]
[Opening "Benko's opening"]
[ECO "A00"]
[Time "04:51:18"]
[TimeControl "2700+45"]

1. g3 e5 2. Bg2 d5 3. d3 Nc6 4. Nf3 f6 5. Nbd2 Bc5 6. e4 d4 7. O-O Be6 8. Ne1
Qd7 9. f4 O-O-O 10. f5 Bf7 11. Nb3 Bb6 12. Bd2 Kb8 13. a4 a6 14. a5 Ba7 15. Bf3
Nge7 16. Qb1 g6 17. Nc1 gxf5 18. exf5 Nxf5 19. b4 Nd6 20. Nb3 Nb5 21. Nc5 Bxc5
22. bxc5 h5 23. Ng2 Ne7 24. Nh4 Rdg8 25. Be4 Qe6 26. c4 dxc3 27. Bxc3 c6 28. Qb2
Ng6 29. Nxg6 Bxg6 30. Rxf6 Qe7 31. Bxe5+ Ka7 32. Rxg6 Rxg6 33. Bxh8 Rg4 34. Bd4
h4 35. Kg2 Rxe4 36. dxe4 Qxe4+ 37. Kh3 Nxd4 38. Qb6+ Ka8 39. Qd8+ Ka7 40. Qxh4
Qf5+ 41. Qg4 Qh7+ 42. Kg2 Qc2+ 43. Kh1 Qxc5 44. h4 Qd5+ 45. Kh2 Nb3 46. Rd1 Qxa5
47. h5 Qa2+ 48. Kh3 Qc2 49. Rd7 Qb1 50. Kh4 Qh1+ 51. Kg5 Qc1+ 52. Kg6 Qc2+ 53.
Qf5 Qc3 54. g4 Nc5 55. Rf7 Nd3 56. Kh7 Ne5 57. Rg7 a5 58. Rg5 Nc4 59. Qc5+ Ka6
60. Rf5 a4 61. Rf4 Qd3+ 62. Kh6 Nb6 63. Rb4 Qd2+ 64. g5 Nd7 65. Rxa4+ {Black
resigns} 1-0

[Event "Team 45 45 League T61"]
[Site "Internet Chess Club"]
[Date "2014.06.01"]
[Round "1"]
[White "OneDirection"]
[Black "Bleddyn"]
[Result "1/2-1/2"]
[WhiteElo "1538"]
[BlackElo "1642"]
[Opening "QGD: Marshall defense"]
[ECO "D06"]
[Time "11:00:17"]
[TimeControl "2700+45"]

1. d4 d5 2. c4 Nf6 3. cxd5 Nxd5 4. e4 Nf6 5. f3 e6 6. Bc4 Bb4+ 7. Nc3 O-O 8. Ne2
c5 9. Be3 cxd4 10. Bxd4 Be7 11. O-O Qc7 12. Bb3 Rd8 13. Qc2 Nc6 14. Be3 Nb4 15.
Qc1 Nd3 16. Qc2 Nb4 17. Qc1 Nd3 {Game drawn by mutual agreement} 1/2-1/2

[Event "Team 45 45 League T61"]
[Site "Internet Chess Club"]
[Date "2014.06.02"]
[Round "1"]
[White "ILRE"]
[Black "SALJOMA"]
[Result "0-1"]
[WhiteElo "1598"]
[BlackElo "1438"]
[Opening "English opening"]
[ECO "A22"]
[Time "19:00:26"]
[TimeControl "2700+45"]

1. c4 e5 2. Nc3 Nf6 3. Nf3 d6 4. d3 Nc6 5. Bg5 Be7 6. g3 O-O 7. Bg2 h6 8. Bd2
Bf5 9. O-O Qd7 10. Re1 Bh3 11. Bh1 Rab8 12. Rb1 Nd4 13. Nxd4 exd4 14. Nd5 Nxd5
15. Bxd5 c6 16. Bg2 Bxg2 17. Kxg2 Qg4 18. Qa4 a6 19. Bf4 g5 20. Bd2 Rfe8 21. Qc2
Bf6 22. a4 Rxe2 23. Qd1 Rbe8 24. h3 Qe6 25. b4 d5 26. Rxe2 Qxe2 27. cxd5 Qxd3
28. dxc6 Qe4+ 29. Kg1 Qxc6 30. Qh5 Kg7 31. h4 Qc2 32. Rd1 Qg6 33. Qxg6+ Kxg6 34.
hxg5 hxg5 35. Kg2 Re4 36. Kf3 Kf5 37. Rc1 g4+ 38. Kg2 Re2 39. Bf4 d3 40. Rc5+
Ke4 41. Kf1 Bd4 42. Rc4 Rxf2+ 43. Ke1 Rc2 44. Rxc2 dxc2 45. Kd2 Kd5 46. Kxc2 Kc4
47. Bd2 Bf2 48. Bf4 Kxb4 {White resigns} 0-1

[Event "Team 45 45 League T61"]
[Site "Internet Chess Club"]
[Date "2014.05.31"]
[Round "1"]
[White "dabodhi"]
[Black "seattleblues"]
[Result "0-1"]
[WhiteElo "1350"]
[BlackElo "1433"]
[Opening "Caro-Kann: exchange variation"]
[ECO "B13"]
[Time "20:03:23"]
[TimeControl "2700+45"]

1. e4 c6 2. d4 d5 3. exd5 cxd5 4. Bd3 Nc6 5. c3 Qc7 6. Ne2 Nf6 7. Bg5 Bg4 8. h3
Bh5 9. O-O e6 10. Qc2 h6 11. Bf4 Bd6 12. Bxd6 Qxd6 13. Ng3 Rc8 14. Qd2 O-O 15.
Nxh5 Nxh5 16. Bc2 Ne7 17. Qe2 Nf6 18. Nd2 Rb8 19. Nf3 b5 20. a3 a5 21. b4 a4 22.
Bd3 Qc6 23. Rac1 Nc8 24. Ne5 Qb7 25. f4 Nd6 26. Ng4 Nde4 27. Bxe4 Nxe4 28. Rf3
Rfc8 29. Qe1 Rc7 30. f5 Ng5 31. f6 Nxf3+ 32. gxf3 h5 33. Nh6+ gxh6 34. Qg3+ Kf8
35. Qg7+ Ke8 36. Qxh6 Kd7 37. Qxh5 Kc6 38. Qh7 Qc8 39. Kf2 Qh8 40. Qd3 Qh4+ 41.
Ke2 Qxh3 42. c4 Qh2+ 43. Ke3 Qh6+ 44. Kf2 Qxc1 45. cxb5+ Kb6 46. Kg3 Rg8+ {White
resigns} 0-1

[Event "Team 45 45 League T61"]
[Site "Internet Chess Club"]
[Date "2014.05.31"]
[Round "1"]
[White "fireball"]
[Black "portis2"]
[Result "1-0"]
[WhiteElo "1755"]
[BlackElo "1681"]
[Opening "Caro-Kann: exchange variation"]
[ECO "B13"]
[Time "14:02:58"]
[TimeControl "2700+45"]

1. e4 c6 2. d4 d5 3. exd5 cxd5 4. Nf3 Nf6 5. Bd3 Bg4 6. O-O e6 7. Nc3 Be7 8. Bf4
a6 9. Qe2 Nc6 10. Be5 O-O 11. Qe3 Nb4 12. a3 Nxd3 13. Qxd3 Rc8 14. Ne2 Bf5 15.
Qb3 b5 16. Rac1 Ne4 17. Ng3 Bg6 18. Nxe4 Bxe4 19. Nd2 Bg6 20. c3 Bg5 21. Qd1 Qe7
22. Ra1 Rc6 23. Nb3 Qa7 24. Qg4 Be7 25. Nd2 a5 26. Bf4 Bd6 27. Bxd6 Rxd6 28. Nf3
Qe7 29. Nh4 Qf6 30. Nxg6 Qxg6 31. Qxg6 hxg6 32. a4 bxa4 33. Rxa4 Rb6 34. Rb1
Rfb8 35. Ra2 a4 36. Kf1 Kf8 37. Ke2 a3 38. b4 Ra8 39. Kd2 Ke8 40. Kc2 Kd7 41.
Kb3 Kc6 42. Rxa3 Rxa3+ 43. Kxa3 Kb5 44. Kb2 g5 45. Ra1 Ra6 46. Rxa6 Kxa6 47. Kc2
Kb5 48. Kd3 g4 49. Ke3 Kc4 50. Kf4 f6 51. Kxg4 e5 52. dxe5 fxe5 53. Kf3 d4 54.
cxd4 exd4 55. Ke2 Kc3 56. Kd1 Kxb4 57. Kd2 Kc4 58. h4 d3 59. g4 Kd4 60. f3 Ke5
61. Kxd3 Kf4 62. Ke2 Kg3 63. h5 Kh4 64. Kf2 Kg5 65. Kg3 g6 66. hxg6 Kxg6 {Black
resigns} 1-0

[Event "Team 45 45 League T61"]
[Site "Internet Chess Club"]
[Date "2014.05.31"]
[Round "1"]
[White "Schachteufel"]
[Black "calily"]
[Result "1-0"]
[WhiteElo "1674"]
[BlackElo "1728"]
[Opening "Petrov: Nimzovich attack"]
[ECO "C42"]
[Time "05:06:40"]
[TimeControl "2700+45"]

1. e4 e5 2. Nf3 Nf6 3. Nxe5 d6 4. Nf3 Nxe4 5. Nc3 Nxc3 6. dxc3 Be7 7. Be3 Nd7 8.
Qd2 Nf6 9. h3 h6 10. O-O-O Bf5 11. Bc4 Qd7 12. Rhe1 O-O 13. g4 Ne4 14. Qd5 Bg6
15. Ne5 c6 16. Qa5 Bd8 17. Qa3 Qc7 18. Nxg6 Re8 19. Nf4 d5 20. Bd3 Be7 21. Qb3
Bg5 22. Ng2 Nxf2 23. Bxg5 hxg5 24. Rxe8+ Rxe8 25. Re1 Rxe1+ 26. Nxe1 Qf4+ 27.
Kb1 Qd2 28. a4 Qxe1+ 29. Ka2 Nxd3 30. cxd3 b6 31. a5 Qe3 32. axb6 axb6 33. Qa4
Qc5 34. Qa8+ Kh7 35. Qe8 Kg6 36. Qe5 Qf2 37. Qc7 Qc5 38. Qe5 f6 39. Qf5+ Kh6 40.
h4 d4 41. hxg5+ fxg5 42. Qxc5 bxc5 43. Kb3 Kg6 44. Kc4 Kf6 45. cxd4 cxd4 46.
Kxd4 Ke6 47. b4 g6 48. Ke4 Kd6 49. Kd4 Ke6 50. Kc5 Kd7 51. Kb6 Kd6 52. Kb7 Kd7
53. d4 Kd6 54. Kb6 Kd5 55. Kc7 {Black resigns} 1-0

[Event "Team 45 45 League T61"]
[Site "Internet Chess Club"]
[Date "2014.06.01"]
[Round "1"]
[White "Insan996"]
[Black "isolani"]
[Result "1-0"]
[WhiteElo "1608"]
[BlackElo "1565"]
[Opening "QGD Slav: exchange variation"]
[ECO "D13"]
[Time "09:00:20"]
[TimeControl "2700+45"]

1. d4 Nf6 2. Nf3 d5 3. c4 c6 4. cxd5 cxd5 5. Nc3 e6 6. Bf4 Be7 7. e3 O-O 8. Bd3
Nc6 9. O-O Bd7 10. a3 Rc8 11. Nb5 Ne4 12. Nd2 Na5 13. Nxe4 dxe4 14. Be2 Qb6 15.
Nc3 Nb3 16. Rb1 Bc6 17. Bc4 Na5 18. Ba2 Bb5 19. Nxb5 Qxb5 20. Qg4 Nc4 21. Rfc1
Nd2 22. Be5 Rxc1+ 23. Rxc1 f6 24. Qxe6+ Kh8 25. Qxe7 Re8 26. Qf7 fxe5 27. h3
exd4 28. Rc7 Qf1+ 29. Kh2 Nf3+ 30. Kg3 {Black resigns} 1-0

[Event "Team 45 45 League T61"]
[Site "Internet Chess Club"]
[Date "2014.06.01"]
[Round "1"]
[White "Berke"]
[Black "Ajolote"]
[Result "1-0"]
[WhiteElo "1592"]
[BlackElo "1510"]
[Opening "Scotch gambit: Dubois-Réti defense"]
[ECO "C55"]
[Time "14:00:29"]
[TimeControl "2700+45"]

1. e4 e5 2. Nf3 Nc6 3. d4 exd4 4. Bc4 Nf6 5. e5 d5 6. Bb5 Nd7 7. O-O Bc5 8. Bf4
O-O 9. c3 dxc3 10. Nxc3 Nb6 11. a3 Bg4 12. Bxc6 bxc6 13. Qd3 Bxf3 14. Qxf3 Qe7
15. Qg3 Qe6 16. Rad1 Nc4 17. b4 Bb6 18. Ne2 a5 19. Nd4 Bxd4 20. Rxd4 axb4 21.
axb4 Ra3 22. Rd3 Rxd3 23. Qxd3 Nxe5 24. Qc3 f6 25. b5 cxb5 26. Qxc7 Rc8 27. Qb7
Qd7 28. Qa6 Nc4 29. h3 Kf7 30. Rd1 Qc6 31. Qa7+ Kg6 32. Qd4 b4 33. Qd3+ Kf7 34.
Qf3 Ra8 35. Rxd5 Ra3 36. Qh5+ Ke7 37. Rc5 Qe6 38. Rc7+ Kd8 39. Qxh7 Ra1+ 40. Kh2
Ne5 41. Qxg7 Qd6 42. Rb7 Nf3+ 43. Kg3 Qe6 44. Qf8+ Qe8 45. Rb8+ Kd7 46. Qxe8#
{Black checkmated} 1-0

[Event "Team 45 45 League T61"]
[Site "Internet Chess Club"]
[Date "2014.05.31"]
[Round "1"]
[White "CuatroPrincesas"]
[Black "xwang1"]
[Result "1-0"]
[WhiteElo "2205"]
[BlackElo "1957"]
[Opening "Sicilian: Kan, 5.Nc3"]
[ECO "B43"]
[Time "16:00:19"]
[TimeControl "2700+45"]

1. e4 c5 2. Nf3 e6 3. d4 cxd4 4. Nxd4 a6 5. Nc3 b5 6. Bd3 Qb6 7. Nb3 Qc7 8. O-O
Bb7 9. a4 b4 10. Na2 Nc6 11. Bd2 Be7 12. Qe1 a5 13. c3 Ne5 14. Bb5 Nc4 15. cxb4
Nxd2 16. Qxd2 axb4 17. Rac1 Qd6 18. Qxd6 Bxd6 19. Rfd1 Bf4 20. Rxd7 Bxc1 21.
Rxb7+ Kf8 22. Nbxc1 Nf6 23. f3 g5 24. Nxb4 Kg7 25. Ncd3 Rhb8 26. Rxb8 Rxb8 27.
Nc6 Ra8 28. b4 Nd7 29. a5 f5 30. exf5 exf5 31. Nd4 Nf6 32. Nxf5+ Kg6 33. g4 h5
34. h3 hxg4 35. hxg4 Rb8 36. Bc6 Rd8 37. Ne5+ Kh7 38. a6 Rd1+ 39. Kf2 Ra1 40. b5
Kg8 41. Bb7 Ne8 42. b6 Ra2+ 43. Ke3 Ra3+ 44. Kd4 Kf8 45. a7 Ra4+ 46. Kc5 Ra5+
47. Kd4 Ra4+ 48. Kd5 Ra5+ 49. Ke6 Rb5 50. Nd7+ Kg8 51. a8=Q {Black resigns} 1-0

[Event "Team 45 45 League T61"]
[Site "Internet Chess Club"]
[Date "2014.06.01"]
[Round "1"]
[White "gump12345"]
[Black "Pomberito"]
[Result "1-0"]
[WhiteElo "1986"]
[BlackElo "2129"]
[Opening "Sicilian: Canal-Sokolsky (Nimzovich-Rossolimo, Moscow) attack"]
[ECO "B51"]
[Time "15:33:20"]
[TimeControl "2700+45"]

1. e4 c5 2. Nf3 d6 3. Bb5+ Nc6 4. O-O Bd7 5. Re1 Nf6 6. c3 a6 7. Bf1 e5 8. d4
Qc7 9. Bg5 Be7 10. d5 Nd8 11. Nbd2 O-O 12. h3 b5 13. b3 Nb7 14. Qc2 Qd8 15. Be3
Nh5 16. a4 f5 17. exf5 Bxf5 18. Bd3 g6 19. axb5 axb5 20. Rxa8 Qxa8 21. Bxf5 gxf5
22. Bg5 Bxg5 23. Nxg5 Nf4 24. c4 Qd8 25. Ndf3 h6 26. Ne6 Nxe6 27. dxe6 e4 28.
Nd2 b4 29. f3 Re8 30. fxe4 Rxe6 31. Qd3 Kh8 32. Qd5 Qe7 33. Qxf5 Nd8 34. Nf3 Nc6
35. Nh4 Qxh4 36. Qf8+ Kh7 37. Qf7+ Kh8 38. Qf8+ Kh7 39. Rf1 Re7 40. Rf7+ Rxf7
41. Qxf7+ Kh8 42. Qe8+ Kg7 43. Qxc6 Qe1+ 44. Kh2 Qd2 45. Qd7+ Kg8 46. Qe6+ Kg7
47. Qg4+ Kh8 48. Qf3 Qd4 49. h4 Qe5+ 50. g3 Qc3 51. Kg2 Qb2+ 52. Kh3 Qc3 53.
Qf8+ Kh7 54. Qf7+ Kh8 55. Qf8+ Kh7 56. Qxd6 Qxb3 57. Qxc5 Qb1 58. Qf5+ Kg7 59.
Qe5+ Kh7 60. Qe7+ Kg8 61. Qe8+ Kg7 62. Qd7+ Kg8 63. Qd5+ Kg7 64. e5 Qf1+ 65. Kg4
h5+ 66. Kg5 Qf7 67. Qxf7+ Kxf7 68. c5 b3 69. c6 Ke6 70. c7 Kd7 71. e6+ Kxc7 72.
Kf6 b2 73. e7 b1=Q 74. e8=Q Qb6+ 75. Kg7 Qd4+ 76. Kh6 Qf6+ 77. Qg6 Qf3 78. Qg5
Kd7 79. Qf4 Qd5 80. Kg6 Ke8 81. Qe3+ Kf8 82. Qh6+ Ke8 83. Qxh5 Qg8+ 84. Kf6+ Kd7
85. Qf7+ {Black resigns} 1-0

[Event "Team 45 45 League T61"]
[Site "Internet Chess Club"]
[Date "2014.06.01"]
[Round "1"]
[White "Goli"]
[Black "perikitosax"]
[Result "1/2-1/2"]
[WhiteElo "1793"]
[BlackElo "1908"]
[Opening "Sicilian: Alapin's variation (2.c3)"]
[ECO "B22"]
[Time "15:39:50"]
[TimeControl "2700+45"]

1. e4 c5 2. c3 Nf6 3. e5 Nd5 4. d4 cxd4 5. cxd4 e6 6. Nf3 d6 7. Bc4 Nc6 8. O-O
Be7 9. Bxd5 exd5 10. h3 O-O 11. exd6 Qxd6 12. Nc3 a6 13. Be3 Bf5 14. Qb3 Be4 15.
Nxe4 dxe4 16. Nd2 Nxd4 17. Qxb7 Nc2 18. Rad1 Nxe3 19. fxe3 Bg5 20. Nxe4 Bxe3+
21. Kh1 Qe6 22. Qd5 Rae8 23. Nd6 Qxd5 24. Rxd5 Rd8 25. Rd3 Bc5 26. Rfd1 Rd7 27.
Ne4 Rxd3 28. Rxd3 Be7 29. Rd7 Re8 30. Nd6 Bxd6 31. Rxd6 Ra8 32. b4 g6 33. a4 Rb8
{Game drawn by mutual agreement} 1/2-1/2